 Dungeon Crawl Stone Soup version 0.28-a0-1074-g3cb2360906 (webtiles) character file.

Game seed: 5952734007996487981

11896 Lekart the Fighter (level 11, -9/102 HPs)
             Began as a White Draconian Chaos Knight on Dec 9, 2021.
             Was a Plaything of Xom.
             Mangled by an ettin (28 damage)
             ... on level 12 of the Dungeon.
             The game lasted 00:22:15 (11961 turns).

Lekart the Fighter (White Draconian Chaos Knight)  Turns: 11961, Time: 00:22:15

Health: -9/102     AC: 15    Str: 19      XL:     11   Next: 55%
Magic:  9/11       EV: 16    Int: 19 (20) God:    Xom [....*.]
Gold:   561        SH: 11    Dex: 21 (23) Spells: 10/10 levels left

rFire   + . .      SeeInvis .   g - +9 lance "Wyrmbane" {slay drac, rPois rF+ rC+ AC+3}
rCold   + + +      Faith    .   l - +0 kite shield
rNeg    . . .      Spirit   .   (armour unavailable)
rPois   +          Reflect  .   q - +2 hat
rElec   +          Harm     .   (no cloak)
rCorr   .          Rampage  .   (no gloves)
Will    ++...      Clarity  +   (boots unavailable)
Stlth   ++++......              (no amulet)
HPRegen 0.27/turn               u - +6 ring of intelligence
MPRegen 0.12/turn               (no ring)

@: studying Long Blades
A: breathe frost, AC +7, unfitting armour, cold resistance 2, cold-blooded,
antennae 2, claws 1, stinger 1, talons 3, thin skeletal structure 2, agile 2,
clarity, clever 1, strong-willed 2, mutation resistance 1, sense surroundings 2,
poison resistance, shaggy fur 3, electricity resistance, strong 2, wild magic 1,
MP-powered wands, noise suppression
a: Breathe Frost, Renounce Religion


You were on level 12 of the Dungeon.
You worshipped Xom.
You were a beloved toy of Xom.
You visited 2 branches of the dungeon, and saw 11 of its levels.

You collected 561 gold pieces.

Inventory:

Hand Weapons
 g - the +9 lance "Wyrmbane" (weapon) {slay drac, rPois rF+ rC+ AC+3}
   (You took it off Maggie on level 8 of the Dungeon)

   It inflicts extra damage against dragons and draconians.
   AC:        It affects your AC (+3).
   rF:        It protects you from fire.
   rC:        It protects you from cold.
   rPois:     It protects you from poison.
Missiles
 a - 2 javelins (quivered)
 r - 2 throwing nets
Armour
 l - a +0 kite shield (worn)
 q - a +2 hat (worn)
 v - a +0 pair of boots
Jewellery
 s - a ring of fire
 u - a +6 ring of intelligence (left claw)
 A - a ring of fire
 D - a ring of fire
Wands
 e - a wand of polymorph (11)
 m - a wand of mindburst (2)
 t - a wand of digging (6)
 B - a wand of iceblast (6)
 C - a wand of flame (13)
Scrolls
 h - a scroll of amnesia
 k - 2 scrolls of teleportation
 w - a scroll of blinking
 y - 2 scrolls of holy word
 z - a scroll of vulnerability {unknown}
Potions
 b - 2 potions of lignification
 c - 2 potions of invisibility
 d - 5 potions of curing
 f - 3 potions of berserk rage
 i - 3 potions of might
 j - a potion of attraction
 n - 2 potions of resistance
 o - a potion of heal wounds
 p - 2 potions of cancellation
 x - 2 potions of ambrosia


   Skills:
 * Level 11.4 Fighting
 + Level 6.2 Long Blades
 + Level 8.7(9.4) Axes
 + Level 5.3(7.7) Polearms
 + Level 0.7 Throwing
 + Level 8.0 Dodging
 + Level 5.6 Shields
 + Level 2.0 Evocations


You had 10 spell levels left.
You didn't know any spells.
Your spell library contained the following spells:

 Spells                   Type           Power      Damage    Failure   Level
 Beastly Appendage        Tmut           0%         N/A       65%         1
 Wereblood                Tmut           0%         N/A       78%         2
 Gell's Gravitas          Tloc           0%         N/A       94%         3
 Spider Form              Tmut/Pois      0%         N/A       94%         3
 Teleport Other           Tloc           0%         N/A       94%         3
 Dispersal                Tloc           0%         N/A       100%        6


Dungeon Overview and Level Annotations

Branches:
Dungeon (12/15)            Temple (1/1) D:4             Orc (0/2) D:11
   Lair: D:8-11

Altars:
Ashenzari
Cheibriados
Dithmenos
Elyvilon
Fedhas
Gozag
Hepliaklqana
Kikubaaqudgha
Nemelex Xobeh
Okawaru
Qazlal
Ru
Sif Muna
Trog
Uskayaw
Vehumet
Wu Jian
Xom
Yredelemnul
Zin
The Shining One
Beogh

Shops:
D:2 (   D:3 (   D:7 (   D:8 *

Portals:
Trove: D:11 (give 13 potions of heal wounds)

Annotations:
D:11 heal wounds 13


Innate Abilities, Weirdness & Mutations

You can breathe waves of freezing cold which knock back foes.
Your icy white scales are hard. (AC +7)
You cannot fit into any form of body armour.
Your flesh is very cold resistant. (rC++)
You are cold-blooded and may be slowed by cold attacks.
You have a pair of antennae on your head.
You have sharp fingernails.
Your tail ends in a venomous barb.
You have claws for feet.
You have a moderately thin skeletal structure. (Dex +4, Stealth++)
You are very agile. (Dex +4)
You possess an exceptional clarity of mind.
Your mind is acute. (Int +2)
You are highly strong-willed. (Will++)
You are somewhat resistant to further mutation.
You passively map the area around you.
Your system is resistant to poisons. (rPois)
Your thick and shaggy fur keeps you warm. (AC +3, rC+)
You are resistant to electric shocks. (rElec)
Your muscles are very strong. (Str +4)
Your spells are a little harder to cast, but a little more powerful.
You expend magic power (3 MP) to strengthen your wands.
You passively dampen the noise of your surroundings.


Message History

No target in view!
No target in view!
Things that are here:
a yak corpse; a yak corpse A boulder beetle comes into view.
A boulder beetle is nearby!
A boulder beetle is nearby!
A boulder beetle is nearby!
Aiming: Polymorph
Press: ? - help, Shift-Dir - straight line, f - boulder beetle
Aim: a boulder beetle (wandering, hasn't noticed you, will become a fire dragon, an ettin, or a great orb of eyes, chance to affect: 40%)
You feel a surge of power!
The boulder beetle evaporates and reforms as an ettin! "Hum-dee-hum-dee-hum..."
The ettin suddenly stops moving!
You are now a beloved toy of Xom.
You see here a potion of degeneration.
Found a stone staircase leading up.
You reach to attack!
The helpless ettin fails to defend itself.
You puncture the ettin!
The ettin is moderately wounded.
The ettin is no longer paralysed.
You hit the ettin. You claw the ettin.
The ettin is moderately wounded.
The ettin hits you!! The ettin barely misses you.
You hit the ettin. Your kick misses the ettin.
The ettin is heavily wounded.
The ettin hits you!!
* * * LOW HITPOINT WARNING * * *
The ettin completely misses you.
You are too injured to fight recklessly!
You are too injured to fight recklessly!
You hit the ettin. Your kick misses the ettin.
The ettin is heavily wounded.
The ettin hits you!
* * * LOW HITPOINT WARNING * * *
The ettin hits you!!
You die...
Xom giggles madly!

, ,* * *, , ... * .....#*, *
#.#{ , , ,,....# , #.#, ,
,....#* ,, * *#.## ,* , ,...'
,,#... * * * , ... * , , ,
#### , * # #.#* , ,,, *### ,
* * #. #C# * * #.. ** , .
.####.##@######* * ##.#
..<'.........[...., .... * ,
, .##...#.....#### *###.# ,*
...(..#!....########,...# **
* ' ###................#.## #
#........##.##........Y...#
#........##..†............',*
#........##.##............# *
#........##.##............#


You could see an ettin.

Vanquished Creatures
  Snorg (D:11)
  Harold (D:7)
  2 hydras (D:11)
  An ugly thing (D:12)
  2 cyclopes
  An eye of devastation (D:5)
  Maggie (D:8)
  A troll (D:12)
  Grinder (D:5)
  3 slime creatures
  Sigmund (D:7)
  2 shadows (D:11)
  5 yaks (D:12)
  Eustachio (D:4)
  2 steam dragons
  Edmund (D:7)
  An acid dragon (D:11)
  2 black bears
  2 orc warriors
  3 ogres
  4 centaurs
  4 kobold brigands (D:5)
  A bullfrog (D:7)
  3 scorpions
  13 wights
  5 killer bees (D:11)
  3 howler monkeys
  4 centaur zombies
  A gnoll shaman (D:7)
  7 jellies
  2 bullfrog skeletons
  2 bullfrog zombies (D:6)
  An orc priest (D:4)
  7 iguanas
  Jessica (D:2)
  4 orc wizards
  A hound skeleton (D:4)
  8 gnolls
  8 adders
  A shadow imp (D:6)
  2 ufetubi
  3 worms
  2 dart slugs
  13 orcs
  5 ball pythons
  A bat (D:2)
  8 endoplasms
  3 giant cockroaches
  12 goblins
  A hobgoblin (D:2)
  6 kobolds
  2 quokkas
  8 frilled lizards
  4 rats
184 creatures vanquished.

Vanquished Creatures (collateral kills)
  The ghost of bayefendi the Skirmisher, an amateur DsAK of Lugonu (D:5)
  A sky beast (D:6)
  A necrophage (D:5)
  Blork the orc (D:5)
  A jelly (D:6)
  An orc priest (D:5)
  A white imp (D:5)
  5 orcs
12 creatures vanquished.

Vanquished Creatures (others)
  4 fungi (D:5)
  14 plants
  9 toadstools (D:5)
27 creatures vanquished.

Grand Total: 223 creatures vanquished

Notes
Turn   | Place    | Note
-------+----------+-------------------------------------------
     0 | D:1      | Lekart the Draconian Chaos Knight began the quest for the
                  | Orb.
     0 | D:1      | Reached XP level 1. HP: 19/19 MP: 1/1
    32 | D:1      | XOM: potion effect (might)
   429 | D:1      | Found a faded altar of an unknown god.
   438 | D:1      | Reached XP level 2. HP: 16/27 MP: 2/2
   662 | D:1      | XOM: divination: detect items
   867 | D:1      | XOM: god gift: ring mail {god gift}
   900 | D:1      | XOM: silly message
   994 | D:2      | Found Otoy's Weapon Boutique.
  1017 | D:2      | Reached skill level 4 in Fighting
  1017 | D:2      | Reached XP level 3. HP: 33/33 MP: 3/3
  1228 | D:2      | Gained mutation: Your mind is acute. (Int +2) [potion of
                  | mutation]
  1228 | D:2      | Gained mutation: You are agile. (Dex +2) [potion of
                  | mutation]
  1228 | D:2      | Gained mutation: You passively map a small area around you.
                  | [potion of mutation]
  1228 | D:2      | Gained mutation: Your muscles are strong. (Str +2) [potion
                  | of mutation]
  1372 | D:2      | XOM: 4-stop teleportation journey
  1418 | D:2      | XOM: 11-stop teleportation journey
  1469 | D:2      | XOM: cloud trail
  1476 | D:2      | Noticed Jessica
  1483 | D:2      | Killed Jessica
  1484 | D:2      | Reached XP level 4. HP: 33/41 MP: 4/4
  1724 | D:2      | XOM: silly message
  1731 | D:2      | XOM: silly message
  1743 | D:2      | XOM: silly message
  1746 | D:2      | XOM: potion effect (haste)
  1747 | D:2      | XOM: silly message
  1969 | D:2      | XOM: divination: detect items
  1976 | D:2      | XOM: divination: magic mapping
  2025 | D:2      | Reached XP level 5. HP: 42/47 MP: 5/5
  2077 | D:2      | XOM: give mutations
  2077 | D:2      | Gained mutation: You have a somewhat thin skeletal
                  | structure. (Dex +2, Stealth+) [Xom's grace]
  2077 | D:2      | Gained mutation: You passively dampen the noise of your
                  | surroundings. [Xom's grace]
  2077 | D:2      | Gained mutation: Your muscles are very strong. (Str +4)
                  | [Xom's grace]
  2138 | D:2      | XOM: god gift: 5 atropa-tipped darts
  2355 | D:3      | XOM: god gift: 2 emerald potions {god gift}
  2371 | D:3      | Found Jouhisias's Weapon Boutique.
  2495 | D:3      | Found a shimmering altar of Xom.
  2869 | D:4      | XOM: give mutations
  2869 | D:4      | Gained mutation: You passively map the area around you.
                  | [Xom's grace]
  2869 | D:4      | Gained mutation: You expend magic power (3 MP) to
                  | strengthen your wands. [Xom's grace]
  2869 | D:4      | Gained mutation: You are covered in fur. (AC +1) [Xom's
                  | grace]
  2967 | D:4      | Found a staircase to the Ecumenical Temple.
  2973 | D:4      | Reached skill level 5 in Fighting
  2981 | Temple   | XOM: stealth player
  2981 | Temple   | Entered the Ecumenical Temple
  3007 | Temple   | XOM: give mutations
  3007 | Temple   | Gained mutation: Your flesh is cold resistant. (rC+) [Xom's
                  | grace]
  3007 | Temple   | Gained mutation: You have sharp toenails. [Xom's grace]
  3007 | Temple   | Gained mutation: You are strong-willed. (Will+) [Xom's
                  | grace]
  3316 | D:4      | XOM: god gift: 4 boomerangs
  3400 | D:4      | Noticed Eustachio
  3400 | D:4      | XOM: god gift: 37 gold pieces
  3408 | D:4      | XOM: fog
  3420 | D:4      | Killed Eustachio
  3421 | D:4      | Reached skill level 5 in Axes
  3421 | D:4      | Reached XP level 6. HP: 19/56 MP: 6/6
  3478 | D:4      | XOM: give mutations
  3478 | D:4      | Gained mutation: Your system is resistant to poisons.
                  | (rPois) [Xom's grace]
  3478 | D:4      | Gained mutation: You have a moderately thin skeletal
                  | structure. (Dex +4, Stealth++) [Xom's grace]
  3478 | D:4      | Gained mutation: You have a pair of small antennae on your
                  | head. [Xom's grace]
  3478 | D:4      | Gained mutation: Your mind is very acute. (Int +4) [Xom's
                  | grace]
  3498 | D:4      | XOM: cloud trail
  3503 | D:4      | XOM: god gift: potion of curing
  3721 | D:4      | XOM: scenery: summon butterflies
  3817 | D:4      | XOM: give mutations
  3817 | D:4      | Gained mutation: You possess an exceptional clarity of
                  | mind. [Xom's grace]
  3817 | D:4      | Gained mutation: You have razor-sharp toenails. [Xom's
                  | grace]
  3908 | D:4      | XOM: 3-stop teleportation journey
  4113 | D:4      | XOM: give mutations
  4113 | D:4      | Gained mutation: You are covered in thick fur. (AC +2)
                  | [Xom's grace]
  4113 | D:4      | Gained mutation: You have claws for feet. [Xom's grace]
  4117 | D:4      | XOM: enchant monster (bad)
  4119 | D:4      | Reached skill level 6 in Fighting
  4119 | D:4      | Your scales start taking on an icy white colour.
  4119 | D:4      | Reached XP level 7. HP: 45/63 MP: 7/7
  4119 | D:4      | Mutation became permanent: Your flesh is cold resistant.
                  | (rC+) [White Draconian growth]
  4119 | D:4      | Gained mutation: Your flesh is cold resistant. (rC+) [White
                  | Draconian growth]
  4308 | D:4      | Noticed a steam dragon
  4322 | D:4      | Killed a steam dragon
  4345 | D:4      | XOM: give mutations
  4345 | D:4      | Gained mutation: You are resistant to electric shocks.
                  | (rElec) [Xom's grace]
  4345 | D:4      | Gained mutation: You are very agile. (Dex +4) [Xom's grace]
  4345 | D:4      | Gained mutation: You have a pair of antennae on your head.
                  | [Xom's grace]
  4345 | D:4      | Gained mutation: You are highly strong-willed. (Will++)
                  | [Xom's grace]
  4654 | D:4      | XOM: give mutation
  4654 | D:4      | Lost mutation: Your mind is very acute. (Int +4) [Xom's
                  | mischief]
  4658 | D:4      | XOM: god gift: scroll labelled JARUPS AQAVI {god gift}
  5004 | D:4      | XOM: summons 1 hostile shadow creature
  5478 | D:5      | Entered Level 5 of the Dungeon
  5545 | D:5      | XOM: divination: detect items
  5549 | D:5      | Reached skill level 1 in Shields
  5552 | D:5      | Noticed bayefendi's ghost (amateur DsAK)
  5585 | D:5      | Found a runed translucent gate.
  5586 | D:5      | Found a runed translucent gate.
  5588 | D:5      | Found a runed translucent gate.
  5675 | D:5      | Noticed Blork the orc
  5682 | D:5      | Killed Blork the orc
  5683 | D:5      | Reached XP level 8. HP: 71/71 MP: 1/8
  5740 | D:5      | Reached skill level 7 in Fighting
  5741 | D:5      | Killed bayefendi's ghost
  5742 | D:5      | Reached skill level 5 in Dodging
  5925 | D:5      | Noticed Grinder
  5953 | D:5      | Killed Grinder
  5987 | D:5      | Identified the +5 ring mail of Limitation {rF++ rC+ MP+9}
  6028 | D:5      | XOM: smoke on damage
  6033 | D:5      | Reached skill level 8 in Fighting
  6081 | D:5      | XOM: scenery: create altars
  6184 | D:5      | XOM: god gift: wooden wand {god gift}
  6210 | D:5      | Noticed a slime creature
  6211 | D:5      | Noticed a slime creature
  6218 | D:5      | Reached XP level 9. HP: 53/81 MP: 9/9
  6236 | D:5      | XOM: cleaving
  6241 | D:5      | Noticed an eye of devastation
  6241 | D:5      | a slime creature changed into an eye of devastation
  6241 | D:5      | XOM: polymorph slime creature -> eye of devastation
  6558 | D:5      | XOM: fog
  6562 | D:5      | XOM: confuse monster(s)
  6565 | D:5      | Killed an eye of devastation
  6980 | D:5      | XOM: scenery: summon butterflies
  7022 | D:5      | XOM: god gift: pair of boots {god gift}
  7080 | D:6      | XOM: give mutations
  7080 | D:6      | Gained mutation: You are somewhat resistant to further
                  | mutation. [Xom's grace]
  7080 | D:6      | Gained mutation: You have sharp fingernails. [Xom's grace]
  7080 | D:6      | Gained mutation: Your flesh is very cold resistant. (rC++)
                  | [Xom's grace]
  7080 | D:6      | Gained mutation: Your tail ends in a venomous barb. [Xom's
                  | grace]
  7093 | D:6      | XOM: snakes to sticks
  7208 | D:6      | XOM: 3-stop teleportation journey
  7278 | D:6      | XOM: give mutations
  7278 | D:6      | Gained mutation: Your thick and shaggy fur keeps you warm.
                  | (AC +3, rC+) [Xom's grace]
  7278 | D:6      | Gained mutation: Your spells are a little harder to cast,
                  | but a little more powerful. [Xom's grace]
  7410 | D:6      | Reached skill level 9 in Fighting
  7648 | D:6      | XOM: summons friendly chaos spawn
  7786 | D:6      | XOM: cloud trail
  7836 | D:6      | XOM: divination: detect creatures
  7981 | D:7      | Reached skill level 1 in Long Blades
  7981 | D:7      | Found Puoheq's Weapon Shoppe.
  8005 | D:7      | Reached skill level 1 in Evocations
  8032 | D:7      | Identified the +0 robe "Rokhicuo" {rCorr Archmagi}
  8032 | D:7      | XOM: 3-stop teleportation journey
  8173 | D:7      | Noticed Harold
  8180 | D:7      | Killed Harold
  8181 | D:7      | Reached XP level 10. HP: 92/92 MP: 0/10
  8371 | D:7      | Noticed Sigmund
  8377 | D:7      | Killed Sigmund
  8416 | D:7      | Noticed Edmund
  8420 | D:7      | XOM: potion effect (berserk rage)
  8427 | D:7      | Killed Edmund
  8518 | D:7      | XOM: noise
  8751 | D:8      | XOM: smoke on damage
  8751 | D:8      | XOM: potion effect (brilliance)
  9054 | D:8      | Reached skill level 10 in Fighting
  9308 | D:8      | XOM: summons 6 hostile demons
  9456 | D:8      | Found Ceegig's Fire Supplies.
  9471 | D:8      | Noticed Maggie
  9479 | D:8      | XOM: divine lightning
  9481 | D:8      | Killed Maggie
  9482 | D:8      | Reached skill level 5 in Long Blades
  9790 | D:8      | XOM: 1-stop teleportation journey
  9816 | D:8      | You fall into a shaft and drop 3 floors!
  9830 | D:11     | Found a portal to a secret trove of treasure.
  9864 | D:11     | Noticed a six-headed hydra
  9866 | D:11     | XOM: noise
  9870 | D:11     | XOM: smoke on damage
  9874 | D:11     | Killed a six-headed hydra
 10206 | D:11     | XOM is BORED!
 10206 | D:11     | Noticed Snorg
 10206 | D:11     | Noticed a four-headed hydra
 10206 | D:11     | XOM: 3-stop teleportation journey
 10218 | D:11     | Killed Snorg
 10290 | D:11     | XOM: enchant monster (bad)
 10297 | D:11     | Reached skill level 1 in Polearms
 10334 | D:11     | Reached skill level 5 in Shields
 10361 | D:11     | Noticed a cyclops
 10372 | D:11     | Killed a cyclops
 10373 | D:11     | Reached XP level 11. HP: 84/101 MP: 11/11
 10466 | D:11     | Found a staircase to the Orcish Mines.
 10631 | D:11     | Killed a four-headed hydra
 10632 | D:11     | Reached skill level 11 in Fighting
 10826 | D:11     | XOM: 7-stop teleportation journey
 11074 | D:12     | XOM: noise
 11095 | D:12     | Identified a scroll of acquirement
 11095 | D:12     | Acquired a manual of Long Blades
 11114 | D:12     | Noticed a green ugly thing
 11114 | D:12     | XOM: 2-stop teleportation journey
 11265 | D:12     | XOM: noise
 11283 | D:12     | XOM: polymorph green ugly thing -> purple ugly thing
 11290 | D:12     | Killed a purple ugly thing
 11471 | D:12     | XOM: summons 11 friendly demons
 11930 | D:12     | Reached skill level 5 in Polearms
 11950 | D:12     | Noticed a boulder beetle
 11953 | D:12     | Noticed an ettin
 11953 | D:12     | a boulder beetle changed into an ettin
 11953 | D:12     | XOM: enchant monster (good)
 11961 | D:12     | Mangled by an ettin

Illustrated notes

Levels and vault maps discovered:
D:1:      evilmike_arrival_hilbert_curve, layout_loops_cross,
          ebering_ecumenical_altar_abandoned, minmay_tree_intersection,
          minmay_unequal
D:2:      minmay_skewed_foursquare, layout_loops_corners, serial_shops, shop,
          uniq_jessica
D:3:      layout_basic, xom_butterflies, serial_shops,
          nicolae_shop_bloodbath_and_beyond
D:4:      wad_river_or_something, layout_layer_cave,
          minmay_temple_entry_proselytizer, grunt_ministairs_11,
          serial_bayou_lagoon_a, chequers_serial_rivers_large_b, uniq_eustachio
D:5:      cheibrodos_fertilizer, layout_cave_pools, biasface_ghost_orc_armoury,
          uniq_grinder, uniq_blork_the_orc
D:6:      layout_rooms, st_stairs_13, chequers_jeans, hangedman_decor_points
D:7:      layout_loops_ring, serial_shops, shop_statue,
          sigmund_edmund_badplayer, uniq_harold
D:8:      layout_cave_pools, nicolae_shop_fire_sale [nicolae_sub_dead_trees],
          uniq_gastronok, uniq_prince_ribbit1, uniq_maggie
D:11:     layout_roguey, orc_0_dummy, nicolae_trove_entry_crystal, uniq_snorg
D:12:     layout_basic
Temple:   regret_index_temple_chain_breaker

Skill      XL: |  1  2  3  4  5  6  7  8  9 10 11 |
---------------+----------------------------------+-----
Fighting       | 4 5 6 8 9 10 11 | 11.4
Axes           | 4 5 6 7 8 |  8.7
Dodging        | 3 4 5 6 7 8 |  8.0
Shields        | 1 2 4 5 |  5.6
Long Blades    | 2 6 |  6.2
Evocations     | 1 2 |  2.0
Polearms       | 2 5 |  5.3
Throwing       | |  0.7

Action                   |  1- 3 |  4- 6 |  7- 9 | 10-12 || total
-------------------------+-------+-------+-------+-------++-------
Melee: Hand axe          |    66 |    85 |   182 |       ||   333
       Tailslap          |     6 |    10 |    47 |    45 ||   108
       Kick              |       |    16 |   102 |   106 ||   224
       Great sword       |       |       |    31 |    61 ||    92
       Lance             |       |       |       |   157 ||   157
Throw: Javelin           |       |       |       |     1 ||     1
       Throwing net      |       |       |       |     1 ||     1
 Abil: Breathe Frost     |       |       |     3 |     1 ||     4
Evoke: Wand              |       |       |    15 |     1 ||    16
  Use: Potion            |     4 |     2 |     1 |     3 ||    10
       Scroll            |       |       |    10 |     9 ||    19
 Stab: Paralysed         |     1 |       |     2 |     1 ||     4
       Sleeping          |       |     7 |    11 |     6 ||    24
       Distracted        |       |     1 |       |     2 ||     3
       Confused          |       |       |     1 |       ||     1
Armor: Skin              |    16 |    44 |    64 |    88 ||   212
Dodge: Dodged            |    40 |    78 |   133 |   176 ||   427
Block: Kite shield       |       |     5 |    81 |    72 ||   158

Table legend: (Time is in decaauts)
 A = Elapsed time spent in this place.
 B = Non-inter-level travel time spent in this place.
 C = Inter-level travel time spent in this place.
 D = Time resting spent in this place.
 E = Time spent auto-exploring this place.
 F = Levels seen in this place.
 G = Mean time per level.
                   A        B        C        D        E       F      G
               +--------+--------+--------+--------+--------+-----+--------+
         Total |  12113 |  11830 |    283 |   2505 |   7493 |  11 | 1101.2 |
       Dungeon |  11976 |  11709 |    267 |   2505 |   7391 |  10 | 1197.6 |
        Temple |    137 |    121 |     16 |      0 |    102 |   1 |  137.0 |
               +--------+--------+--------+--------+--------+-----+--------+

Top non-repeatable levels by time:
     D:4: 2669 daAuts
     D:5: 1605 daAuts
     D:7: 1261 daAuts
     D:2: 1243 daAuts
    D:11: 1235 daAuts
     D:1: 985 daAuts
    D:12: 906 daAuts
     D:6: 895 daAuts
     D:8: 670 daAuts
     D:3: 503 daAuts
  Temple: 137 daAuts
